 Dungeon Crawl Stone Soup version 0.23.1 (webtiles) character file.

Game seed: 975212293013432410

91 DildoBatman the Conjurer (level 4, -1/30 HPs)
             Began as a Formicid Wizard on Mar 12, 2019.
             Slain by an ogre
             ... wielding a +0 giant spiked club
              (31 damage)
             ... on level 2 of the Dungeon.
             The game lasted 00:06:18 (1788 turns).

DildoBatman the Conjurer (Formicid Wizard)          Turns: 1788, Time: 00:06:18

Health: -1/30      AC:  2    Str: 12    XL:     4   Next: 88%
Magic:  2/8        EV: 12    Int: 18    God:
Gold:   54         SH:  0    Dex:  9    Spells: 2/9 levels left

rFire    . . .     SeeInvis +   q - -1 trident (curse)
rCold    . . .     Gourm    .   (no shield)
rNeg     . . .     Faith    .   a - +0 robe
rPois    .         Spirit   .   (helmet unavailable)
rElec    .         Reflect  .   (no cloak)
rCorr    .         Harm     .   (no gloves)
MR       .....                  (no boots)
Stlth    ++........             (no amulet)
HPRegen  0.10/turn              (no ring)
MPRegen  0.11/turn              (no ring)

@: no status effects
A: permanent stasis, dig shafts and tunnels, four strong arms, antennae 3
a: Dig, Shaft Self


You were on level 2 of the Dungeon.
You were not hungry.

You visited 1 branch of the dungeon, and saw 2 of its levels.

You collected 54 gold pieces.

Inventory:

Hand Weapons
 f - a +0 dagger
 m - a +0 spear
 n - a +0 mace
 q - a cursed -1 trident (weapon)
Missiles
 i - 13 poisoned needles
 j - 8 javelins (quivered)
 l - 57 stones
 s - 23 arrows
 t - 20 bolts
Armour
 a - a +0 robe (worn)
 o - a +0 shield
Scrolls
 c - a scroll of fear {unknown}
 d - 2 scrolls of magic mapping {unknown}
 e - a scroll of identify {unknown}
 g - 2 scrolls of amnesia
 h - a scroll of enchant armour {unknown}
 k - 2 scrolls of fog
Potions
 p - a potion of flight {unknown}
 r - a potion of curing {unknown}
Comestibles
 b - 4 chunks of flesh
 v - 4 rations


   Skills:
 - Level 1.7 Dodging
 - Level 2.4 Stealth
 - Level 3.2 Spellcasting
 * Level 3.9 Conjurations
   Level 1.0 Summonings
   Level 0.8 Translocations


You had 2 spell levels left.
You knew the following spells:

 Your Spells              Type           Power        Failure   Level  Hunger
a - Conjure Flame         Conj/Fire      #.......     22%         3    ###....
c - Magic Dart            Conj           ###.         3%          1    None
e - Mephitic Cloud        Conj/Pois/Air  #.......     28%         3    ###....

Your spell library contained the following spells:

 Spells                   Type           Power        Failure   Level  Hunger
 Call Imp                 Summ           #.......     16%         2    ##.....
 Slow                     Hex            #.......     24%         2    ##.....
 Blink                    Tloc           Unusable     N/A         2    N/A

Dungeon Overview and Level Annotations

Branches:
Dungeon (2/15)

Altars:


Innate Abilities, Weirdness & Mutations

You cannot be hasted, slowed, berserked, paralysed or teleported.
You can dig through walls and to a lower floor.
Your four strong arms can wield two-handed weapons with a shield.
You have a pair of large antennae on your head. (SInv)


Message History

The magic dart hits the ogre.
The ogre is lightly wounded.
Casting: Magic Dart (safe; 3% risk of failure)
Confirm with . or Enter, or press ? or * to list all spells.
Aiming: Mephitic Cloud (safe; 28% risk of failure)
Press: ? - help, Shift-Dir - straight line, f/p - ogre
Aim: an ogre, wielding a +0 giant spiked club (lightly wounded)
The ball explodes into a vile cloud!
The stinking cloud engulfs the ogre but does no damage.
The ogre is lightly wounded.
The ogre is engulfed in noxious fumes.
The ogre appears confused.
The ogre is engulfed in noxious fumes.
The ogre is engulfed in noxious fumes.
The ogre appears confused.
You hit the ogre.
The ogre is heavily wounded.
The ogre hits you with a +0 giant spiked club!!
Ouch! That really hurt!
You die...

#.......##...#
#÷#####.##..##
.....#####..##
#.#........## ######
#..# #.#..>.....# #.##
#.#........# #.#
#.#........# ###
#.#........#
#.#........#
###########.##########
.....○O@....#
##########..# ####


You could see an ogre (confused).

Vanquished Creatures
  A worker ant zombie (D:2)
  An ooze (D:2)
  A worm (D:2)
  3 dart slugs (D:2)
  A leopard gecko (D:1)
  4 giant cockroaches
  7 goblins
  8 hobgoblins
  10 jackals
  A ball python (D:1)
  9 bats
  2 frilled lizards (D:1)
  5 kobolds
  7 rats
60 creatures vanquished.

Notes
Turn   | Place    | Note
-------+----------+-------------------------------------------
     0 | D:1      | DildoBatman the Formicid Wizard began the quest for the
                  | Orb.
     0 | D:1      | Reached XP level 1. HP: 13/13 MP: 4/4
    14 | D:1      | Reached skill level 1 in Conjurations
   158 | D:1      | Reached XP level 2. HP: 16/19 MP: 0/6
   625 | D:1      | Reached XP level 3. HP: 24/24 MP: 4/7
  1146 | D:2      | Learned a level 3 spell: Conjure Flame
  1150 | D:2      | Learned a level 3 spell: Mephitic Cloud
  1252 | D:2      | Reached XP level 4. HP: 27/30 MP: 4/8
  1782 | D:2      | Noticed an ogre
  1788 | D:2      | Slain by an ogre

Skill      XL: |  1  2  3 |
---------------+----------+-----
Conjurations   | 1 2 3 |  3.9
Dodging        | |  1.7
Stealth        | |  2.4
Spellcasting   | |  3.2
Summonings     | |  1.0
Translocations | |  0.8

Action                   |  1- 3 |  4- 6 || total
-------------------------+-------+-------++-------
Melee: Dagger            |    70 |       ||    70
       Trident           |       |    29 ||    29
Throw: Javelin           |     2 |       ||     2
 Cast: Magic Dart        |    79 |    39 ||   118
       Mephitic Cloud    |       |     2 ||     2
       Conjure Flame     |       |     1 ||     1
 Abil: Dig               |     2 |     1 ||     3
  Use: Scroll            |     3 |       ||     3
 Stab: Sleeping          |     2 |     2 ||     4
  Eat: Chunk             |     1 |     2 ||     3
Armor: Robe              |    22 |     2 ||    24
Dodge: Dodged            |    77 |    17 ||    94
